 Dungeon Crawl Stone Soup version 0.17.1-2-g5865329 (webtiles) character file.

15432 MrTails the Severer (level 12, 0/136 HPs)
             Began as a Minotaur Berserker on Feb 16, 2016.
             Was a High Priest of Trog.
             Slain by Sonja
             ... wielding a +0 short sword of distortion
              (16 damage)
             ... on level 11 of the Dungeon on Feb 17, 2016.
             The game lasted 00:59:45 (13836 turns).

MrTails the Severer (Minotaur Berserker)           Turns: 13836, Time: 00:59:48

Health: 0/136      AC: 16    Str: 32    XL:     12   Next: 1%
Magic:  10/11      EV:  9    Int:  4    God:    Trog [*****.]
Gold:   420        SH:  0    Dex: 10    Spells: 0 memorised, 11 levels left

rFire  . . .     SeeInvis .     y - +1 war axe
rCold  . . .     Clarity  .     n - +0 plate armour
rNeg   . . .     SustAt   .     (no shield)
rPois  .         Gourm    .     (helmet restricted)
rElec  .         Spirit   .     (no cloak)
rCorr  .         Warding  .     (no gloves)
rMut   .         Stasis   .     k - +1 pair of boots
MR     .....                    (no amulet)
Stlth  ..........               (no ring)
                                (no ring)

@: berserking, slowed, not resistant to hostile enchantments, extremely
unstealthy
A: retaliatory headbutt, horns 2
a: Berserk, Trog's Hand, Brothers in Arms, Burn Spellbooks, Renounce Religion


You were on level 11 of the Dungeon.
You worshipped Trog.
Trog was extremely pleased with you.
You were not hungry.

You visited 1 branch of the dungeon, and saw 9 of its levels.

You collected 420 gold pieces.

Inventory:

Hand Weapons
 a - a +0 hand axe
 j - a +4 antimagic battleaxe
 y - a +1 war axe (weapon)
 z - a +3 hand axe of freezing
Armour
 b - a +0 animal skin
 k - a +1 pair of boots (worn)
 n - a +0 plate armour (worn)
 o - a +0 ring mail
 s - a +1 chain mail
Jewellery
 e - an uncursed ring of ice
 g - an uncursed ring of ice
 t - an uncursed amulet of faith
 u - an uncursed ring of ice
Wands
 l - a wand of magic darts (30)
Scrolls
 f - 2 scrolls of fog
 h - 2 scrolls of identify
 q - a scroll of enchant armour
 r - a scroll of brand weapon {unknown}
 w - 3 scrolls of remove curse
 B - a scroll of magic mapping
Potions
 c - a potion of mutation {unknown}
 d - 3 potions of cancellation
 p - a potion of magic
 x - 3 potions of brilliance
Comestibles
 m - 3 royal jellies
 v - 2 beef jerkies
 A - 6 chunks of flesh


   Skills:
 - Level 3.9 Fighting
 * Level 19.5 Axes
 + Level 8.8 Armour
 - Level 2.1 Dodging
 + Level 3.3 Stealth


You had 11 spell levels left.
You didn't know any spells.

Dungeon Overview and Level Annotations

Branches:
Dungeon (11/15)            Temple (0/1) D:4
   Lair: D:8-11         Orc: D:9-12

Altars:
Dithmenos
Elyvilon
Qazlal

Shops:
D:9 *   D:11 *

Annotations:
D:11 Psyche, Sonja


Innate Abilities, Weirdness & Mutations

You reflexively headbutt those who attack you in melee.
You have a pair of horns on your head.


Message History

You have difficulty breathing.
* * * LOW HITPOINT WARNING * * *
You feel as though you will be slow longer.
Sonja shoots a curare-tipped needle.
The curare-tipped needle hits you.
You are more poisoned.
You have difficulty breathing.
* * * LOW HITPOINT WARNING * * *
You feel as though you will be slow longer.
You see here 2 curare-tipped needles.
* * * LOW HITPOINT WARNING * * *
You feel sick.
You feel better.
A red film seems to cover your vision as you go berserk!
You feel yourself moving faster!
You feel mighty!
You feel somewhat more hungry.
Sonja unwields an uncursed enchanted blowgun.
Sonja wields an uncursed short sword of distortion.
Its appearance distorts for a moment.
Sonja hits you but does no damage. Space warps horribly around you!
You die...

.. #......... . ... #.........
.... #......... #### ...
#......... ####..#
####'#######.######<. #.....#
............[#....# #.....####
.............#....######.........
..........####...(.§§§.........G.
..........#.....@K.§§§§..#+##+###
..........'........§.§...# #
..........'.........§....# #
.....######..............# #
.....#.........).........# #
.>...#.......(...........########
.....##'#####..###'##............
............####....#.....###....
.......>............#.....#.#####


You could see Sonja.

Vanquished Creatures
  A tengu warrior (D:10)
  Nergalle (D:10)
  4 hill giants (D:10)
  An ugly thing (D:11)
  A centaur zombie (D:10)
  A cyclops (D:10)
  Joseph (D:10)
  4 two-headed ogres
  A queen bee (D:10)
  3 trolls
  18 yaks
  A wraith (D:10)
  A hippogriff (D:9)
  A hungry ghost (D:10)
  A soldier ant (D:11)
  Edmund (D:4)
  6 orc warriors
  5 wargs (D:11)
  2 sky beasts
  5 ogres
  An eye of draining (D:11)
  3 centaurs
  3 ice beasts
  A big kobold (D:10)
  2 giant frogs
  2 scorpions
  A water moccasin skeleton (D:5)
  14 wights
  The ghost of BLOAX the Ruffian, a weakling MiMo (D:5)
  25 killer bees
  A giant frog zombie (D:5)
  6 crimson imps
  13 orc wizards
  Crazy Yiuf (D:3)
  A centaur skeleton (D:6)
  4 hounds
  2 jellies
  5 worker ants
  4 iguanas
  10 orc priests
  A killer bee zombie (D:9)
  2 hound skeletons
  3 gnolls (D:9)
  A worker ant zombie (D:6)
  11 adders
  A shadow imp (D:10)
  2 oozes
  An adder skeleton (D:5)
  An adder zombie (D:5)
  3 worms
  3 giant geckos
  54 orcs
  5 bats
  2 giant cockroaches
  5 goblins
  9 hobgoblins
  16 jackals
  7 kobolds
  5 quokkas
  4 ball pythons
  A giant gecko zombie (D:5)
  3 giant newts
  A jackal skeleton (D:4)
  A quokka zombie (D:6)
  9 rats
310 creatures vanquished.

Vanquished Creatures (others)
  A sky beast (D:9)
  2 plants (D:11)
3 creatures vanquished.

Grand Total: 313 creatures vanquished

Notes
Turn   | Place    | Note
--------------------------------------------------------------
     0 | D:1      | MrTails the Minotaur Berserker began the quest for the Orb.
     0 | D:1      | Reached XP level 1. HP: 19/19 MP: 0/0
   254 | D:1      | Reached XP level 2. HP: 24/27 MP: 1/1
   260 | D:1      | Reached skill level 4 in Axes
   666 | D:1      | Reached ** piety under Trog
  1001 | D:2      | Reached XP level 3. HP: 33/33 MP: 2/2
  1153 | D:2      | Reached skill level 5 in Axes
  1436 | D:2      | Found a stormy altar of Qazlal.
  1699 | D:2      | Reached XP level 4. HP: 33/40 MP: 3/3
  2207 | D:3      | Reached skill level 6 in Axes
  2418 | D:3      | Reached *** piety under Trog
  2579 | D:3      | Reached XP level 5. HP: 44/46 MP: 4/4
  2673 | D:3      | Noticed Crazy Yiuf
  2678 | D:3      | Killed Crazy Yiuf
  2678 | D:3      | Reached skill level 7 in Axes
  2783 | D:3      | Reached XP level 6. HP: 36/52 MP: 5/5
  2946 | D:4      | Reached skill level 8 in Axes
  3294 | D:4      | Noticed Edmund
  3303 | D:4      | Reached skill level 9 in Axes
  3310 | D:4      | Killed Edmund
  3310 | D:4      | Reached skill level 1 in Stealth
  3310 | D:4      | Reached XP level 7. HP: 54/58 MP: 6/6
  3812 | D:4      | Noticed an ogre
  3820 | D:4      | Killed an ogre
  3820 | D:4      | Reached skill level 10 in Axes
  3973 | D:4      | Found a staircase to the Ecumenical Temple.
  4508 | D:4      | Noticed an ogre
  4521 | D:4      | Killed an ogre
  4742 | D:5      | Entered Level 5 of the Dungeon
  4786 | D:5      | Reached **** piety under Trog
  4927 | D:5      | Reached skill level 11 in Axes
  4927 | D:5      | Reached XP level 8. HP: 66/66 MP: 7/7
  5377 | D:5      | Noticed BLOAX's ghost (weakling MiMo)
  5389 | D:5      | Killed BLOAX's ghost
  5786 | D:5      | Reached skill level 12 in Axes
  6383 | D:6      | Found a shadowy altar of Dithmenos.
  6610 | D:6      | Reached skill level 13 in Axes
  6968 | D:6      | Reached XP level 9. HP: 71/71 MP: 8/8
  7550 | D:6      | Reached skill level 14 in Axes
  7601 | D:6      | You fall through a shaft for 3 floors!
  7957 | D:9      | Reached ***** piety under Trog
  8433 | D:9      | Reached skill level 15 in Axes
  8492 | D:9      | Found Edem's General Store.
  9102 | D:10     | Entered Level 10 of the Dungeon
  9116 | D:10     | Noticed a tengu warrior
  9342 | D:10     | Killed a tengu warrior
  9342 | D:10     | Reached skill level 16 in Axes
  9342 | D:10     | Reached XP level 10. HP: 40/78 MP: 9/9
  9561 | D:10     | Noticed a centaur zombie
  9572 | D:10     | Killed a centaur zombie
  9746 | D:10     | Noticed a hill giant
  9753 | D:10     | Killed a hill giant
  9753 | D:10     | Reached skill level 17 in Axes
  9758 | D:10     | Received a gift from Trog
  9817 | D:10     | Noticed a hill giant
  9842 | D:10     | Noticed Nergalle
 10274 | D:10     | Killed a hill giant
 10457 | D:10     | Noticed a cyclops
 10462 | D:10     | Killed a cyclops
 10514 | D:10     | Killed Nergalle
 10514 | D:10     | Reached skill level 18 in Axes
 10595 | D:10     | Reached XP level 11. HP: 83/83 MP: 10/10
 10664 | D:10     | Noticed a hill giant
 10879 | D:10     | Killed a hill giant
 10936 | D:10     | Reached skill level 5 in Armour
 11738 | D:10     | Noticed Joseph
 11755 | D:10     | Killed Joseph
 12331 | D:10     | Noticed a hill giant
 12339 | D:10     | Killed a hill giant
 12339 | D:10     | Reached skill level 19 in Axes
 12477 | D:10     | Received a gift from Trog
 13348 | D:11     | Noticed Psyche
 13563 | D:11     | Found a white marble altar of Elyvilon.
 13733 | D:11     | Found Deisuv's General Store.
 13747 | D:11     | Reached XP level 12. HP: 77/91 MP: 11/11
 13824 | D:11     | Noticed Sonja
 13834 | D:11     | HP: 3/91 [poisoned by Sonja (curare-tipped needle)]
 13836 | D:11     | Slain by Sonja

Action                   |  1- 3 |  4- 6 |  7- 9 | 10-12 || total
-------------------------+-------+-------+-------+-------++-------
Melee: Hand axe          |    79 |   107 |   283 |       ||   469
       War axe           |       |       |   113 |   365 ||   478
Invok: Berserk           |       |     5 |    14 |    17 ||    36
       Burn Spellbooks   |       |       |       |     1 ||     1
  Use: Scroll            |       |     5 |     7 |    11 ||    23
       Potion            |       |       |       |    11 ||    11
  Eat: Chunk             |     2 |     2 |    15 |    19 ||    38
       Meat ration       |       |     1 |       |       ||     1
       Bread ration      |       |     1 |     3 |     1 ||     5
       Fruit             |       |       |     6 |       ||     6
       Pizza             |       |       |     1 |       ||     1
       Royal jelly       |       |       |       |     4 ||     4
